 Dungeon Crawl Stone Soup version 0.31.0-1-g2c135a0 (webtiles) character file.

Game seed: 10840126144878646642

857 bonegar the Thaumaturge (level 7, -3/36 HPs)
             Began as a Deep Elf Hedge Wizard on Apr 3, 2024.
             Slain by an orc warrior
             ... wielding a +0 glaive
              (18 damage)
             ... on level 6 of the Dungeon.
             The game lasted 00:34:36 (3514 turns).

bonegar the Thaumaturge (Deep Elf Hedge Wizard)     Turns: 3514, Time: 00:34:36

Health: -3/36      AC:  3    Str:  7    XL:     7   Next: 70%
Magic:  5/20       EV: 15    Int: 21    God:
Gold:   173        SH:  0    Dex: 14    Spells: 13/22 levels left

rFire   . . .        t - +4 dagger (drain)
rCold   . . .        (no shield)
rNeg    . . .        b - +0 robe
rPois   .            c - +0 hat
rElec   .            (no cloak)
rCorr   .            (no gloves)
SInv    .            g - +0 pair of boots
Will    .....        (no amulet)
Stlth   +++          (no ring)
HPRegen 0.26/turn    (no ring)
MPRegen 0.17/turn

%: no passive effects
@: no status effects
A: no striking features
a: no special abilities


You were on level 6 of the Dungeon.
You visited 1 branch of the dungeon, and saw 6 of its levels.

You collected 173 gold pieces.

Inventory:

Hand Weapons
 a - a +0 dagger
 k - a +0 whip
 l - a +0 dagger of venom
 t - a +4 dagger of draining (weapon)
Missiles
 o - 2 poisoned darts
Armour
 b - a +0 robe (worn)
 c - a +0 hat (worn)
 g - a +0 pair of boots (worn)
Wands
 u - a wand of polymorph (12)
Scrolls
 e - a scroll of fog
 i - 2 scrolls of amnesia {unknown}
 j - a scroll of vulnerability {unknown}
 p - a scroll of poison {unknown}
 q - a scroll of revelation {unknown}
 r - a scroll of blinking
Potions
 d - a potion of magic
 f - a potion of ambrosia
 h - 2 potions of curing
 m - a potion of resistance
 n - 2 potions of enlightenment {unknown}


   Skills:
 + Level 3.9 Short Blades
 + Level 1.8 Throwing
 + Level 6.9 Dodging
 + Level 5.9 Stealth
 + Level 8.3 Spellcasting
 + Level 4.6 Conjurations
 + Level 4.6 Summonings
 + Level 4.6 Translocations


You had 13 spell levels left.
You knew the following spells:

 Your Spells              Type           Power      Damage    Failure   Level
a - Magic Dart            Conj           100%       1d8       1%          1
b - Blink                 Tloc           56%        N/A       1%          2
c - Call Imp              Summ           56%        N/A       1%          2
d - Iskenderun's Mystic   Conj/Tloc      28%        2d7       12%         4

Your spell library contained the following spells:

 Spells                   Type           Power      Damage    Failure   Level
 Slow                     Hex            32%        N/A       8%          1
 Cigotuvi's Dreadful Rot  Necr/Alch/Air  16%        N/A       12%         2
 Mephitic Cloud           Conj/Alch/Air  15%        N/A       12%         3
 Tukima's Dance           Hex            8%         N/A       22%         3
 Dimensional Bullseye     Hex/Tloc       9%         N/A       28%         4


Dungeon Overview and Level Annotations

Branches:
Dungeon (6/15)
 Temple: D:4-7

Altars:
Ashenzari
Okawaru

Shops:
D:4 :*?

Annotations:
D:4 1 runed translucent door, Crazy Yiuf


Message History

The sleepcap is almost destroyed.
You feel ready to blink again.
Your cerulean imp hits the sleepcap but does no damage.
The sleepcap misses your cerulean imp.
Casting: Magic Dart (safe; 1% risk of failure)
Confirm with . or Enter, or press ? or * to list all spells.
Aiming: Magic Dart (safe; 1% risk of failure)
Press: ? - help, Shift-Dir - straight line, f/p - sleepcap
Aim: a sleepcap (almost destroyed, not watching you, ally target, 100% to hit)
The magic dart hits the sleepcap.
The sleepcap is almost destroyed.
Your cerulean imp disappears in a puff of smoke!
Casting: Magic Dart (safe; 1% risk of failure)
Confirm with . or Enter, or press ? or * to list all spells.
Aiming: Magic Dart (safe; 1% risk of failure)
Press: ? - help, Shift-Dir - straight line, f/p - sleepcap
Aim: a sleepcap (almost destroyed, 100% to hit)
The magic dart hits the sleepcap.
The sleepcap is almost destroyed.
Casting: Magic Dart (safe; 1% risk of failure)
Confirm with . or Enter, or press ? or * to list all spells.
Aiming: Magic Dart (safe; 1% risk of failure)
Press: ? - help, Shift-Dir - straight line, f/p - sleepcap
Aim: a sleepcap (almost destroyed, 100% to hit)
The magic dart hits the sleepcap.
You destroy the sleepcap!
You see here 8 gold pieces.
The orc warrior hits you from afar with a +0 glaive!!
Ouch! That really hurt!
You see here 8 gold pieces.
Casting: Magic Dart (safe; 1% risk of failure)
Confirm with . or Enter, or press ? or * to list all spells.
Aiming: Magic Dart (safe; 1% risk of failure)
Press: ? - help, Shift-Dir - straight line, f - orc warrior
Aim: an orc warrior, wielding a +0 glaive and wearing a +0 plate armour (100% to hit)
The magic dart hits the orc warrior but does no damage.
An orc priest opens the door.
The orc warrior hits you from afar with a +0 glaive!!
Ouch! That really hurt!
You die...

#......#......#
#......#...<..#
#..>o...#
#.#'#####
#......##
#.......#
#.o....!#
#.......#
#@......#
#.......#
#.......#
##.....##
#######


You could see an orc warrior and an orc priest.

Vanquished Creatures
  Grinder (D:4)
  Eustachio (D:4)
  A black bear (D:5)
  A phantom (D:4)
  Blork the orc (D:4)
  A bombardier beetle (D:4)
  A sleepcap (D:6)
  An orc priest (D:6)
  Jessica (D:3)
  An orc wizard (D:4)
  2 adders
  2 dart slugs
  10 orcs
  7 ball pythons
  4 endoplasms
  5 giant cockroaches
  6 goblins
  5 hobgoblins
  2 jackals (D:2)
  A quokka (D:2)
  2 bats (D:2)
  A frilled lizard (D:2)
  3 kobolds
  4 rats
64 creatures vanquished.

Vanquished Creatures (collateral kills)
  3 orcs (D:3)
  A ball python (D:3)
4 creatures vanquished.

Grand Total: 68 creatures vanquished

Notes
Turn   | Place    | Note
-------+----------+-------------------------------------------
     0 | D:1      | bonegar the Deep Elf Hedge Wizard began the quest for the
                  | Orb.
     0 | D:1      | Reached XP level 1. HP: 10/10 MP: 7/7
    86 | D:1      | Found a faded altar of an unknown god.
    86 | D:1      | Noticed a Brimstone Fiend
   217 | D:1      | Reached XP level 2. HP: 15/15 MP: 7/9
   794 | D:2      | Reached XP level 3. HP: 19/19 MP: 8/11
  1130 | D:2      | Learned a level 2 spell: Blink
  1133 | D:2      | Learned a level 2 spell: Call Imp
  2010 | D:3      | Reached skill level 5 in Stealth
  2010 | D:3      | Reached skill level 7 in Spellcasting
  2010 | D:3      | Reached XP level 4. HP: 19/24 MP: 1/15
  2017 | D:3      | Learned a level 4 spell: Iskenderun's Mystic Blast
  2252 | D:3      | Found an iron altar of Okawaru.
  2314 | D:3      | Noticed Jessica
  2319 | D:3      | Killed Jessica
  2320 | D:3      | Reached skill level 8 in Spellcasting
  2320 | D:3      | Reached XP level 5. HP: 28/28 MP: 13/17
  2407 | D:3      | Found a broken altar of Ashenzari.
  2741 | D:4      | Found Yblell's Assorted Antiques.
  2760 | D:4      | Noticed Eustachio
  2779 | D:4      | Killed Eustachio
  2780 | D:4      | Reached skill level 1 in Throwing
  2780 | D:4      | Reached XP level 6. HP: 32/32 MP: 19/19
  2895 | D:4      | Noticed Blork the orc
  2909 | D:4      | Killed Blork the orc
  3040 | D:4      | Found Rybbem's Book Shop.
  3108 | D:4      | Found Koefaivi's Magic Scroll Boutique.
  3234 | D:4      | Found a runed translucent door.
  3235 | D:4      | Noticed Crazy Yiuf
  3338 | D:4      | Noticed Grinder
  3356 | D:4      | Killed Grinder
  3357 | D:4      | Reached XP level 7. HP: 16/36 MP: 18/20
  3452 | D:5      | Entered Level 5 of the Dungeon
  3514 | D:6      | Slain by an orc warrior

Illustrated notes

Levels and vault maps discovered:
D:1:      tarquinn_simple_flora_water_b, layout_rooms,
          dreamdust_ecumenical_altar_sealed_demon, amcnicky_mini_pool_small,
          minmay_tall_x
D:2:      layout_basic
D:3:      layout_loops_ring, nicolae_ashenzari_skybound,
          lemuel_coloured_pillars_altar, chequers_serial_rivers_micro_a,
          uniq_jessica
D:4:      layout_basic, dk_yredelemnul_ordeal, serial_shops, shop,
          nicolae_shop_hallway_stairs, nicolae_shop_waterfront, shop, shop,
          uniq_crazy_yiuf_cottage, uniq_blork_the_orc, uniq_eustachio,
          uniq_grinder
D:5:      layout_loops_ring, mainiacjoe_overflow_cross_hatched,
          minmay_temple_entry_proselytizer
D:6:      layout_gridville, uniq_pikel

Skill      XL: |  1  2  3  4  5 |
---------------+----------------+-----
Stealth        | 5 |  5.9
Short Blades   | 3 |  3.9
Dodging        | 6 |  6.9
Spellcasting   | 7 8 |  8.3
Conjurations   | 4 |  4.6
Summonings     | 4 |  4.6
Translocations | 4 |  4.6
Throwing       | 1 |  1.8

Action                     |  1- 3 |  4- 6 |  7- 9 || total
---------------------------+-------+-------+-------++-------
  Melee: Dagger            |    48 |    43 |     1 ||    92
         Punch             |       |     1 |       ||     1
   Cast: Magic Dart        |    73 |    34 |    15 ||   122
         Call Imp          |     2 |     5 |     2 ||     9
         Iskenderun's Myst |       |     2 |     1 ||     3
         Blink             |       |       |     1 ||     1
    Use: Scroll            |     2 |     9 |     2 ||    13
         Potion            |     1 |     2 |     1 ||     4
   Stab: Sleeping          |     1 |     2 |     1 ||     4
         Distracted        |       |     1 |       ||     1
 Armour: Robe              |    36 |    14 |     2 ||    52
  Dodge: Dodged            |    34 |    22 |       ||    56
